 Dungeon Crawl Stone Soup version 0.23.0 (webtiles) character file.

Game seed: 13963833434641399423

4580 Oravi the Cleaver (level 10, -10/88 HPs)
             Began as a Hill Orc Fighter on Feb 10, 2019.
             Was a Believer of the Shining One.
             Mangled by a deep troll (12 damage)
             ... on level 9 of the Dungeon.
             The game lasted 00:40:46 (10108 turns).

Oravi the Cleaver (Hill Orc Fighter)               Turns: 10108, Time: 00:40:47

Health: -10/88     AC: 13    Str: 23    XL:     10   Next: 41%
Magic:  13/13      EV:  6    Int:  8    God:    the Shining One [**....]
Gold:   490        SH: 11    Dex: 10    Spells: 9/9 levels left

rFire    . . .     SeeInvis .   B - +1 dagger (venom)
rCold    . . .     Gourm    .   c - +0 shield
rNeg     + . .     Faith    .   G - +0 chain mail
rPois    .         Spirit   .   (no helmet)
rElec    .         Reflect  .   (no cloak)
rCorr    .         Harm     .   s - +0 pair of gloves
MR       .....     Rnd*Rage +   q - +0 pair of boots
Stlth    ..........             (no amulet)
HPRegen  0.24/turn              j - ring of wizardry
MPRegen  0.13/turn              H - ring of flight

@: glowing
A: berserk 1
a: Divine Shield, Renounce Religion, Evoke Flight


You were on level 9 of the Dungeon.
You worshipped the Shining One.
The Shining One was pleased with you.
You were near starving.

You visited 2 branches of the dungeon, and saw 10 of its levels.

You collected 490 gold pieces.

Inventory:

Hand Weapons
 a - a +0 war axe
 b - a +0 hunting sling
 o - a +1 short sword of venom
 B - a +1 dagger of venom (weapon)
 J - a +0 blowgun
Missiles
 e - 291 stones (quivered)
 g - 91 arrows
 p - 6 needles of confusion
 t - 11 sling bullets
 I - 66 poisoned needles
 L - 5 tomahawks
Armour
 c - a +0 shield (worn)
 q - a +0 pair of boots (worn)
 s - a +0 pair of gloves (worn)
 w - a +0 ring mail of poison resistance
 x - a +0 scale mail
 y - a +0 large shield
 F - a +1 ring mail of positive energy
 G - a +0 chain mail (worn)
Jewellery
 j - a ring of wizardry (left hand)
 H - a ring of flight (right hand)
Wands
 C - a wand of polymorph (13)
Scrolls
 h - 5 scrolls of magic mapping {unknown}
 m - 11 scrolls of identify {unknown}
 n - 3 scrolls of remove curse {unknown}
 r - 5 scrolls of teleportation {unknown}
 v - 2 scrolls of fear {unknown}
 D - 3 scrolls of amnesia {unknown}
 E - 3 scrolls of immolation {unknown}
 K - a scroll of enchant armour {unknown}
Potions
 d - a potion of might
 i - 3 potions of flight {unknown}
 k - 2 potions of agility {unknown}
 l - 6 potions of curing {unknown}
 u - 2 potions of invisibility {unknown}
 z - a potion of haste {unknown}
 A - a potion of heal wounds {unknown}
Comestibles
 f - 22 rations


   Skills:
 + Level 8.1 Fighting
 * Level 11.6 Axes
 + Level 7.5 Armour
 + Level 7.4 Shields
 + Level 5.1 Invocations
 + Level 3.9 Evocations


You had 9 spell levels left.
You didn't know any spells.
Your spell library contained the following spells:

 Spells                   Type           Power        Failure   Level  Hunger
 Magic Dart               Conj           #...         95%         1    ##.....
 Blink                    Tloc           N/A          98%         2    ###....
 Call Imp                 Summ           #.......     98%         2    ###....
 Slow                     Hex            #.......     98%         2    ###....
 Conjure Flame            Conj/Fire      #.......     100%        3    ####...
 Mephitic Cloud           Conj/Pois/Air  #.......     100%        3    ####...


Dungeon Overview and Level Annotations

Branches:
Dungeon (9/15)             Temple (1/1) D:5
   Lair: D:8-11         Orc: D:9-12

Altars:
Ashenzari
Cheibriados
Dithmenos
Elyvilon
Fedhas
Gozag
Hepliaklqana
Kikubaaqudgha
Makhleb
Nemelex Xobeh
Okawaru
Qazlal
Ru
Sif Muna
Trog
Uskayaw
Vehumet
Wu Jian
Xom
Yredelemnul
Zin
The Shining One

Annotations:
D:3 1 runed translucent door, Crazy Yiuf
D:7 2 head
D:9 1 transporter


Innate Abilities, Weirdness & Mutations

You tend to lose your temper in combat.


Message History

Aim: a deep troll (haloed, chance to defeat MR: 39%)
The deep troll resists with some effort.
The bullfrog hits you but does no damage.
The deep troll bites you! The Shining One protects you from harm!
You block the deep troll's attack. x2; The bullfrog barely misses you.
Evoke which item? (* to show all) (? for menu, Esc to quit)
Aiming: Polymorph
Aim: a deep troll (haloed, chance to defeat MR: 39%)
The deep troll resists with some effort.
You block the deep troll's attack. x3
The bullfrog hits you but does no damage.
Evoke which item? (* to show all) (? for menu, Esc to quit)
Aiming: Polymorph
Aim: a deep troll (haloed, chance to defeat MR: 39%)
The deep troll resists with some effort.
The bullfrog hits you.
* * * LOW HITPOINT WARNING * * *
The deep troll bites you!
You die...

#.# #.# #.# #### #.#
..># #.# ##.####
#####.#### ......#
###........# ##)##.#
..#.###T#.##
#.##.#####(#(#.@.#.#
##.##.#.....#(#F###.#
.#.##.#....<#.#.# #.#
.#.##.#######(#.# #.#
.#.##.......#(#.# #.#
.#.########.#.#.# #.#
.#.# #.# #.# #.# .#.#
#.# #.# #.# .#.# #.#
#.. #.#


You could see a deep troll and a bullfrog.

Vanquished Creatures
  Pikel (D:8)
  A shining eye (D:8)
  2 hippogriffs
  Sigmund (D:2)
  A steam dragon (D:7)
  A phantom (D:4)
  An orc warrior (D:9)
  3 sky beasts
  4 ogres
  A necrophage (D:8)
  2 centaurs
  5 big kobolds
  A bullfrog (D:6)
  A wyvern zombie (D:9)
  3 water moccasin skeletons
  7 killer bees
  5 wights (D:6)
  2 howler monkeys
  A crimson imp (D:9)
  2 orc priests
  A bullfrog skeleton (D:9)
  3 hounds
  2 jellies
  A centaur skeleton (D:4)
  5 orc wizards
  Jessica (D:2)
  2 iguanas
  2 worker ants
  A statue (D:4)
  A hound zombie (D:6)
  A hound skeleton (D:9)
  A howler monkey zombie (D:5)
  A worker ant zombie (D:5)
  A gnoll (D:1)
  2 adders
  2 shadow imps
  2 oozes
  An adder skeleton (D:5)
  A worm (D:4)
  3 dart slugs
  4 leopard geckos
  17 orcs
  7 bats
  9 giant cockroaches
  7 goblins
  12 hobgoblins
  8 jackals
  A quokka (D:2)
  A ball python (D:2)
  8 frilled lizards
  37 kobolds
  A leopard gecko zombie (D:8)
  4 rats
195 creatures vanquished.

Vanquished Creatures (others)
  An orc wizard (D:8)
  An orc (D:8)
  A kobold (D:8)
3 creatures vanquished.

Grand Total: 198 creatures vanquished

Notes
Turn   | Place    | Note
-------+----------+-------------------------------------------
     0 | D:1      | Oravi the Hill Orc Fighter began the quest for the Orb.
     0 | D:1      | Reached XP level 1. HP: 19/19 MP: 1/1
     9 | D:1      | Reached skill level 3 in Axes
   116 | D:1      | Reached XP level 2. HP: 22/26 MP: 2/2
   265 | D:1      | Reached skill level 4 in Axes
   594 | D:1      | Reached XP level 3. HP: 27/33 MP: 3/3
  1054 | D:2      | Noticed Sigmund
  1171 | D:2      | Noticed Jessica
  1421 | D:2      | Killed Jessica
  1421 | D:2      | Reached XP level 4. HP: 34/40 MP: 4/4
  1592 | D:2      | Killed Sigmund
  1592 | D:2      | Reached skill level 5 in Axes
  1592 | D:2      | Reached XP level 5. HP: 36/47 MP: 5/5
  1592 | D:2      | Reached XP level 6. HP: 41/53 MP: 6/6
  1843 | D:2      | Reached skill level 6 in Axes
  1856 | D:2      | Found a white marble altar of Elyvilon.
  2542 | D:3      | Found a runed translucent door.
  2543 | D:3      | Noticed Crazy Yiuf
  2824 | D:4      | Noticed a phantom
  3214 | D:4      | Reached skill level 5 in Fighting
  3376 | D:4      | Found a radiant altar of Vehumet.
  3576 | D:4      | Killed a phantom
  3576 | D:4      | Reached skill level 7 in Axes
  3576 | D:4      | Reached XP level 7. HP: 53/61 MP: 7/7
  3874 | D:4      | Reached skill level 5 in Armour
  3993 | D:5      | Entered Level 5 of the Dungeon
  4118 | D:4      | Reached skill level 5 in Shields
  4807 | D:5      | Reached skill level 8 in Axes
  4807 | D:5      | Reached XP level 8. HP: 70/70 MP: 8/8
  5332 | D:5      | Found a staircase to the Ecumenical Temple.
  5338 | Temple   | Entered the Ecumenical Temple
  5398 | Temple   | Became a worshipper of the Shining One
  5526 | D:5      | Found a hazy altar of Hepliaklqana.
  5808 | D:6      | Reached skill level 9 in Axes
  6239 | D:6      | Reached skill level 1 in Evocations
  6530 | D:7      | Reached * piety under the Shining One
  6536 | D:7      | Reached skill level 1 in Invocations
  6721 | D:7      | Reached XP level 9. HP: 73/78 MP: 10/10
  7476 | D:7      | Reached skill level 10 in Axes
  7983 | D:8      | Noticed a two-headed ogre
  8682 | D:8      | Noticed Pikel
  8697 | D:8      | Killed Pikel
  8697 | D:8      | Reached skill level 11 in Axes
  8697 | D:8      | Reached XP level 10. HP: 76/88 MP: 13/13
  8791 | D:8      | Noticed a two-headed ogre
  8793 | D:8      | Noticed a shining eye
  8793 | D:8      | a two-headed ogre changed into a shining eye
  8802 | D:8      | Gained mutation: You tend to lose your temper in combat. [a
                  | shining eye]
  8803 | D:8      | Killed a shining eye
  9535 | D:9      | Found a transporter.
  9603 | D:9      | Reached skill level 5 in Invocations
 10087 | D:9      | Noticed a two-headed ogre
 10100 | D:9      | Reached ** piety under the Shining One
 10101 | D:9      | Noticed a death drake
 10101 | D:9      | a two-headed ogre changed into a death drake
 10102 | D:9      | Noticed a cyclops
 10102 | D:9      | a death drake changed into a cyclops
 10104 | D:9      | Noticed a deep troll
 10104 | D:9      | a cyclops changed into a deep troll
 10106 | D:9      | The Shining One protects you from harm!
 10108 | D:9      | HP: 2/88 [bullfrog (3)]
 10108 | D:9      | Mangled by a deep troll

Skill      XL: |  1  2  3  4  5  6  7  8  9 10 |
---------------+-------------------------------+-----
Axes           | 3 4 5 7 8 9 11 | 11.6
Fighting       | 4 5 6 7 8 |  8.1
Armour         | 4 5 6 7 |  7.5
Shields        | 4 5 6 7 |  7.4
Evocations     | 1 3 |  3.9
Invocations    | 1 4 5 |  5.1

Action                   |  1- 3 |  4- 6 |  7- 9 | 10-12 || total
-------------------------+-------+-------+-------+-------++-------
Melee: War axe           |    95 |   137 |   245 |    64 ||   541
       Dagger            |       |       |       |     2 ||     2
 Fire: Hunting sling     |       |    29 |   185 |   112 ||   326
       Blowgun           |       |       |    17 |       ||    17
Throw: Stone             |    37 |   104 |     7 |     1 ||   149
Evoke: Wand              |       |       |       |     9 ||     9
  Eat: Chunk             |     2 |     7 |    11 |     1 ||    21
       Ration            |       |       |     1 |     1 ||     2
Armor: Scale mail        |    20 |    46 |    33 |       ||    99
       Chain mail        |       |       |    89 |    47 ||   136
Dodge: Dodged            |    20 |    32 |    65 |    22 ||   139
Block: Shield            |    40 |    76 |   173 |    60 ||   349
